 Dungeon Crawl Stone Soup version 0.22-a0-619-ga0c6fd2 (webtiles) character file.

6775 Gildeon the Cleaver (level 10, 0/81 HPs)
             Began as a Minotaur Fighter on July 14, 2018.
             Was a Priest of Makhleb.
             Killed by divine providence
             ... invoked by an orc priest
              (12 damage)
             ... on level 10 of the Dungeon.
             The game lasted 00:22:47 (6808 turns).

Gildeon the Cleaver (Minotaur Fighter)              Turns: 6808, Time: 00:22:48

Health: 0/81       AC: 16    Str: 25    XL:     10   Next: 76%
Magic:  13/13      EV:  8    Int:  6    God:    Makhleb [***...]
Gold:   335        SH: 14    Dex: 15    Spells: 7/9 levels left

rFire    . . .     SeeInvis .   a - +3 war axe
rCold    . . .     Gourm    .   c - +1 shield
rNeg     . . .     Faith    .   q - +2 plate armour
rPois    +         Spirit   .   d - +2 hat
rElec    .         Reflect  .   u - +2 cloak {rPois}
rCorr    .         Harm     .   (no gloves)
MR       .....     Clarity  +   (no boots)
Stlth    ..........             (no amulet)
HPRegen  0.23/turn              y - +3 ring of dexterity
MPRegen  0.13/turn              e - +4 ring of strength

@: slowed, very slow
A: retaliatory headbutt, claws 1, horns 2, yellow scales 1, clarity, deformed
body
a: Minor Destruction, Lesser Servant of Makhleb, Renounce Religion


You were on level 10 of the Dungeon.
You worshipped Makhleb.
Makhleb was most pleased with you.
You were not hungry.

You visited 2 branches of the dungeon, and saw 11 of its levels.

You collected 510 gold pieces.
You spent 175 gold pieces at shops.

Inventory:

Hand Weapons
 a - a +3 war axe (weapon)
 n - a cursed +3 spear of freezing
Armour
 c - a +1 shield (worn)
 d - a +2 hat (worn)
 q - a +2 plate armour (worn)
 u - a +2 cloak of poison resistance (worn)
Jewellery
 e - a +4 ring of strength (right claw)
 g - an uncursed ring of protection from fire
 o - an uncursed ring of protection from fire
 y - a +3 ring of dexterity (left claw)
Wands
 b - a wand of iceblast (7)
 s - a wand of disintegration (14)
Scrolls
 i - 4 scrolls of teleportation
 v - a scroll of fear
 z - a scroll of remove curse
Potions
 h - a potion of resistance
 j - 2 potions of heal wounds
 k - a potion of cancellation
 l - 3 potions of curing
 m - a potion of lignification {unknown}
 r - a potion of degeneration {unknown}
 t - a potion of might
 w - a potion of haste {unknown}
 x - a potion of brilliance {unknown}
Comestibles
 f - 11 rations
 p - a chunk of flesh


   Skills:
 - Level 5.0 Fighting
 * Level 13.2 Axes
 - Level 5.0 Armour
 - Level 5.0 Dodging
 + Level 10.3 Shields
 - Level 5.5 Invocations
 + Level 2.4 Evocations


You had 7 spell levels left.
You knew the following spells:

 Your Spells              Type           Power        Failure   Level  Hunger
a - Swiftness             Chrm/Air       #.......     100%        2    ###....

Your spell library contained the following spells:

 Spells                   Type           Power        Failure   Level  Hunger
 Lightning Bolt           Conj/Air       #.........   100%        5    ######.
 Shock                    Conj/Air       #...         100%        1    ##.....
 Airstrike                Air            #.........   100%        4    #####..
 Static Discharge         Conj/Air       #.......     100%        3    ####...


Dungeon Overview and Level Annotations

Branches:
Dungeon (10/15)            Temple (1/1) D:6
   Lair: D:8-11         Orc: D:9-12

Altars:
Ashenzari
Cheibriados
Dithmenos
Elyvilon
Fedhas
Gozag
Hepliaklqana
Kikubaaqudgha
Makhleb
Nemelex Xobeh
Okawaru
Qazlal
Ru
Sif Muna
Trog
Uskayaw
Vehumet
Wu Jian
Xom
Yredelemnul
Zin
The Shining One

Shops:
D:5 [


Innate Abilities, Weirdness & Mutations

You reflexively headbutt those who attack you in melee.
You have a pair of horns on your head.
You have sharp fingernails.
You are partially covered in yellow scales. (AC +2)
You possess an exceptional clarity of mind.
Armour fits poorly on your strangely shaped body.


Message History

A meliai comes into view. It is wielding a hand axe of flaming.
You block the troll's attack. The troll completely misses you.
The troll barely misses you.
You closely miss the troll. Your headbutt misses the troll.
The troll is almost dead.
A meliai comes into view. It is wielding a broad axe.
A hungry ghost comes into view.
You block the troll's attack. x2; The troll claws you.
The troll bites you but does no damage. You block the troll's attack.
The troll claws you.
* * * LOW HITPOINT WARNING * * *
The meliai moves out of view.
The meliai mumbles some strange prayers to its god against you.
Something smites you!
* * * LOW HITPOINT WARNING * * *
Items here: ( ))) [[ † The sentinel's mark upon you fades away.
The orc priest invokes the aid of Beogh against you.
Beogh smites you!
You die...

##### ######## .....
#...<..# ......
#......# .....y###
#......#
...oyy†o###......#
....W.#o)T@........>
##### #####......###
#......# ##....##
#.#### ... ###


You could see a troll, 3 meliai, an orc priest and 2 orcs.

Vanquished Creatures
  Gastronok (D:8)
  2 trolls
  Grinder (D:3)
  A hippogriff (D:8)
  A spriggan (D:7)
  A wyvern (D:9)
  Eustachio (D:6)
  Menkaure (D:7)
  Duvessa (D:7)
  An ice beast (D:10)
  A sky beast (D:9)
  2 orc warriors
  2 phantoms
  3 ogres
  3 centaurs
  A big kobold (D:8)
  Blork the orc (D:4)
  3 bullfrogs
  A gnoll sergeant (D:9)
  Dowan (D:7)
  6 scorpions
  4 killer bees (D:6)
  4 wights (D:6)
  3 lava snakes (D:8)
  3 crimson imps
  4 hounds
  A jelly (D:5)
  4 bullfrog zombies
  An orc priest (D:8)
  2 bullfrog skeletons
  8 orc wizards
  4 centaur skeletons
  Terence (D:3)
  5 iguanas
  6 worker ants
  A killer bee zombie (D:5)
  2 hound skeletons (D:5)
  9 gnolls
  10 adders
  4 shadow imps
  An ooze (D:2)
  3 adder skeletons
  2 worms
  4 leopard geckos
  36 orcs
  12 bats
  5 giant cockroaches
  5 goblins
  6 hobgoblins
  11 jackals
  4 quokkas
  4 ball pythons
  4 frilled lizards
  16 kobolds
  A leopard gecko skeleton (D:8)
  8 rats
233 creatures vanquished.

Notes
Turn   | Place    | Note
-------+----------+-------------------------------------------
     0 | D:1      | Gildeon the Minotaur Fighter began the quest for the Orb.
     0 | D:1      | Reached XP level 1. HP: 19/19 MP: 0/0
   122 | D:1      | Reached XP level 2. HP: 27/27 MP: 1/1
   476 | D:1      | Reached skill level 1 in Dodging
   569 | D:2      | Reached XP level 3. HP: 33/33 MP: 2/2
   600 | D:2      | Reached skill level 3 in Axes
   977 | D:2      | Found an opulent altar of Gozag.
  1173 | D:3      | Noticed Grinder
  1181 | D:3      | Paralysed by Grinder for 2 turns
  1191 | D:3      | Killed Grinder
  1191 | D:3      | Reached skill level 4 in Axes
  1191 | D:3      | Reached XP level 4. HP: 26/41 MP: 3/3
  1191 | D:3      | Reached XP level 5. HP: 30/47 MP: 4/4
  1409 | D:3      | Reached XP level 6. HP: 53/53 MP: 5/5
  1423 | D:3      | Gained mutation: You have sharp fingernails. [potion of mutation]
  1423 | D:3      | Gained mutation: Your magical capacity is low. (-10% MP) [potion of mutation]
  1423 | D:3      | Gained mutation: You are resistant to hostile enchantments. (MR+) [potion of mutation]
  1423 | D:3      | Gained mutation: You are robust. (+10% HP) [potion of mutation]
  1424 | D:3      | Noticed Terence
  1430 | D:3      | Killed Terence
  1827 | D:4      | Reached skill level 5 in Fighting
  1827 | D:4      | Reached skill level 5 in Axes
  1831 | D:4      | Reached skill level 5 in Armour
  1883 | D:4      | Reached skill level 5 in Shields
  1916 | D:4      | Noticed Blork the orc
  1924 | D:4      | Killed Blork the orc
  1924 | D:4      | Reached XP level 7. HP: 53/67 MP: 5/5
  2057 | D:4      | Reached skill level 6 in Axes
  2483 | D:4      | Found a burning altar of Makhleb.
  2838 | D:4      | Became a worshipper of Makhleb the Destroyer
  2888 | D:5      | Entered Level 5 of the Dungeon
  3114 | D:5      | Found Qaoleh's Armour Shop.
  3122 | D:5      | Bought a +1 cloak of poison resistance for 175 gold pieces
  3333 | D:5      | Reached skill level 7 in Axes
  3501 | D:5      | Reached XP level 8. HP: 73/74 MP: 6/6
  3581 | D:6      | Noticed Eustachio
  3596 | D:6      | Killed Eustachio
  3678 | D:6      | Reached skill level 8 in Axes
  3705 | D:6      | Reached skill level 5 in Dodging
  3795 | D:6      | Reached * piety under Makhleb
  3795 | D:6      | Reached skill level 1 in Invocations
  4000 | D:6      | Reached skill level 9 in Axes
  4320 | D:6      | Found a staircase to the Ecumenical Temple.
  4327 | Temple   | Entered the Ecumenical Temple
  4850 | D:7      | Lost mutation: You are robust. (+10% HP) [potion of mutation]
  4850 | D:7      | Lost mutation: You are resistant to hostile enchantments. (MR+) [potion of mutation]
  4850 | D:7      | Gained mutation: Armour fits poorly on your strangely shaped body. [potion of mutation]
  4850 | D:7      | Gained mutation: Your spells are a little harder to cast, but a little more powerful. [potion of mutation]
  4861 | D:7      | Noticed Duvessa
  4861 | D:7      | Noticed Dowan
  4873 | D:7      | Killed Duvessa
  4878 | D:7      | Killed Dowan
  4878 | D:7      | Reached XP level 9. HP: 69/74 MP: 8/8
  5030 | D:7      | Lost mutation: Your magical capacity is low. (-10% MP) [potion of mutation]
  5030 | D:7      | Lost mutation: Your spells are a little harder to cast, but a little more powerful. [potion of mutation]
  5030 | D:7      | Gained mutation: You possess an exceptional clarity of mind. [potion of mutation]
  5030 | D:7      | Gained mutation: You are partially covered in yellow scales. (AC +2) [potion of mutation]
  5038 | D:7      | Noticed Menkaure
  5042 | D:7      | Killed Menkaure
  5042 | D:7      | Reached skill level 10 in Axes
  5431 | D:8      | Reached skill level 11 in Axes
  5504 | D:8      | Reached ** piety under Makhleb
  5554 | D:8      | Noticed Gastronok
  5571 | D:8      | Killed Gastronok
  5571 | D:8      | Reached skill level 12 in Axes
  5571 | D:8      | Reached skill level 5 in Invocations
  5571 | D:8      | Reached XP level 10. HP: 79/81 MP: 11/13
  5633 | D:8      | Found a radiant altar of Vehumet.
  5644 | D:8      | Found a hazy altar of Hepliaklqana.
  5649 | D:8      | Found an iron altar of Okawaru.
  5656 | D:8      | Found a shadowy altar of Dithmenos.
  5700 | D:8      | Learned a level 2 spell: Swiftness
  5748 | D:8      | Found a sparkling altar of Nemelex Xobeh.
  6099 | D:9      | Found a sacrificial altar of Ru.
  6147 | D:9      | Reached skill level 1 in Evocations
  6210 | D:9      | Found a hide-covered altar of Uskayaw.
  6240 | D:9      | Found an ancient bone altar of Kikubaaqudgha.
  6346 | D:9      | Reached skill level 10 in Shields
  6766 | D:10     | Entered Level 10 of the Dungeon
  6781 | D:10     | Reached skill level 13 in Axes
  6784 | D:10     | Reached *** piety under Makhleb
  6808 | D:10     | Killed from afar by an orc priest

Vault maps used:
D:1:      onia_arrival_handbag
D:2:      overflow_temple_1_default, first_ration
D:3:      uniq_grinder, uniq_terence
D:4:      nicolae_overflow_crystal_walls, uniq_blork_the_orc
D:5:      serial_shops, shop_fountains
D:6:      minmay_temple_entry_trees, uniq_eustachio
D:7:      the_bakery, uniq_duvessa, uniq_menkaure
D:8:      kennysheep_mini, grunt_temple_overflow_open,
          nemelex_xobeh_ov_fountains_minmay, disabler_island, uniq_gastronok
D:9:      marbit_many_paths, kiku_gazebo_garden_becter, lemuel_round_altar
D:10:     erik_lair_dragon, serial_shops, shop
Temple:   chequers_temple_sunken

Skill      XL: |  1  2  3  4  5  6  7  8  9 10 |
---------------+-------------------------------+-----
Dodging        | 1 2 3 4 5 |  5.0
Shields        | 4 5 6 7 9 10 | 10.3
Armour         | 4 5 |  5.0
Axes           | 4 5 7 9 12 13 | 13.2
Fighting       | 4 5 |  5.0
Invocations    | 2 5 |  5.5
Evocations     | 2 |  2.4

Action                   |  1- 3 |  4- 6 |  7- 9 | 10-12 || total
-------------------------+-------+-------+-------+-------++-------
Melee: War axe           |    89 |    64 |   334 |   104 ||   591
       Headbutt          |    16 |     8 |    66 |    27 ||   117
  Use: Scroll            |    10 |     2 |    10 |     1 ||    23
       Potion            |     1 |     1 |     3 |       ||     5
  Eat: Chunk             |     1 |     2 |     9 |     1 ||    13
       Ration            |       |       |     1 |     1 ||     2
Armor: Scale mail        |    38 |       |       |       ||    38
       Chain mail        |     2 |    29 |    66 |       ||    97
       Plate armour      |       |       |    52 |    42 ||    94
Dodge: Dodged            |    44 |    17 |    86 |    35 ||   182
Block: Shield            |    48 |    46 |   219 |    75 ||   388

Table legend:
 A = Spawn XP
 B = Non-spawn XP
 C = Spawn XP percentage of total XP
 D = Spawn monster count
 E = Non-spawn monster count
 F = Spawn count percentage of total count
 G = Total turns spent on level
                    A         B        C        D         E        F      G
               +---------+---------+-------+---------+---------+-------+---------
         Total |       0 |    9679 |   0.0 |       0 |     233 |   0.0 |  6808
               +---------+---------+-------+---------+---------+-------+---------
           D:1 |       0 |      33 |   0.0 |       0 |      23 |   0.0 |   537
           D:2 |       0 |      52 |   0.0 |       0 |      20 |   0.0 |   547
           D:3 |       0 |     407 |   0.0 |       0 |      23 |   0.0 |   738
           D:4 |       0 |     484 |   0.0 |       0 |      28 |   0.0 |  1066
           D:5 |       0 |     480 |   0.0 |       0 |      21 |   0.0 |   671
           D:6 |       0 |    1187 |   0.0 |       0 |      31 |   0.0 |  1114
           D:7 |       0 |    1146 |   0.0 |       0 |      17 |   0.0 |   476
           D:8 |       0 |    3689 |   0.0 |       0 |      37 |   0.0 |   574
           D:9 |       0 |    1439 |   0.0 |       0 |      24 |   0.0 |   867
          D:10 |       0 |     762 |   0.0 |       0 |       9 |   0.0 |    42
               +---------+---------+-------+---------+---------+-------+---------
